 Dungeon Crawl Stone Soup version 0.19-a0-1384-gbb462ca (webtiles) character file.

1025 Leszczynek the Archer (level 8, 0/49 HPs)
             Began as a High Elf Arcane Marksman on Sept 3, 2016.
             Was an Initiate of Okawaru.
             Slain by a centaur (3 damage)
             ... on level 7 of the Dungeon.
             The game lasted 00:21:38 (3085 turns).

Leszczynek the Archer (High Elf Arcane Marksman)    Turns: 3085, Time: 00:21:39

Health: 0/49       AC:  7    Str: 12    XL:     8   Next: 2%
Magic:  10/10      EV: 14    Int: 16    God:    Okawaru [......]
Gold:   255        SH:  0    Dex: 19    Spells: 2 memorised, 6 levels left

rFire  + + .     SeeInvis .     b - +2 short sword (speed)
rCold  . . .     Gourm    .     h - +2 ring mail {rF+}
rNeg   . . .     Faith    .     (no shield)
rPois  .         Spirit   .     (no helmet)
rElec  .         Dismiss  .     (no cloak)
rCorr  .         Reflect  .     (no gloves)
MR     .....     Harm     .     (no boots)
Stlth  +.........               l - amulet of magic regeneration
                                e - ring of protection from fire
                                p - +3 ring of dexterity

@: no status effects
A: no striking features
a: Renounce Religion


You were on level 7 of the Dungeon.
You worshipped Okawaru.
Okawaru was noncommittal.
You were not hungry.

You visited 2 branches of the dungeon, and saw 8 of its levels.

You collected 255 gold pieces.

Inventory:

Hand Weapons
 a - a +0 shortbow
 b - a +2 short sword of speed (weapon)
Missiles
 d - 48 arrows
 m - 3 curare-tipped needles
Armour
 h - a +2 ring mail of fire resistance (worn)
Jewellery
 e - a ring of protection from fire (right hand)
 l - an amulet of magic regeneration (around neck)
 p - a +3 ring of dexterity (left hand)
Scrolls
 g - a scroll of noise {unknown}
 i - a scroll of blinking
 k - 2 scrolls of identify
 n - a scroll of immolation {unknown}
 s - a scroll of remove curse
 u - 3 scrolls of recharging
 v - a scroll of random uselessness {unknown}
Potions
 j - 3 potions of agility
 q - a potion of haste
 r - a potion of curing
 w - a potion of resistance
 z - a potion of ambrosia
Books
 c - a book of Debilitation

   Spells                             Type                      Level
   a - Corona                         Hexes                        1
   b - Slow                           Hexes                        2
   c - Gell's Gravitas                Hexes/Translocation          3
   d - Inner Flame                    Hexes/Fire                   3
   e - Cause Fear                     Hexes                        4
   f - Leda's Liquefaction            Hexes/Earth                  4
Comestibles
 f - 4 bread rations
 o - 3 meat rations
 t - a beef jerky
 x - a chunk of flesh


   Skills:
 + Level 1.7 Fighting
 - Level 10.1 Bows
 + Level 6.0 Dodging
 - Level 1.2 Spellcasting
 - Level 3.0 Hexes


You had 6 spell levels left.
You knew the following spells:

 Your Spells              Type           Power        Failure   Level  Hunger
a - Corona                Hex            ##.....      17%         1    ##.....
b - Slow                  Hex            ##......     24%         2    ###....


Dungeon Overview and Level Annotations

Branches:
Dungeon (7/15)             Temple (1/1) D:7

Altars:
Ashenzari
Cheibriados
Elyvilon
Fedhas
Gozag
Kikubaaqudgha
Okawaru
Sif Muna
Trog
Xom
Zin
The Shining One

Annotations:
D:2 Terence
D:3 vault with ogre, adder, scroll and long sword


Message History

The centaur is severely wounded.
The centaur hits you.
* * * LOW HITPOINT WARNING * * *
You are too injured to fight recklessly!
You are too injured to fight recklessly!
You hit the centaur but do no damage.
The centaur is severely wounded.
The centaur misses you.
You barely miss the centaur.
The centaur is severely wounded.
The centaur hits you.
* * * LOW HITPOINT WARNING * * *
You hit the centaur.
The centaur is severely wounded.
The centaur hits you.
* * * LOW HITPOINT WARNING * * *
You feel better. The centaur hits you.
* * * LOW HITPOINT WARNING * * *
The centaur hits you.
You die...

#.. #. ...#.#
..#.. ## #.#..
...#...# .. .....#
...(##.c########..
........@(........
...###(########.#
#..# ##.## #..#
##.## #..# ##.#
#.##


You could see a centaur.

Vanquished Creatures
  Sigmund (D:2)
  A hungry ghost (D:7)
  A sky beast (D:6)
  An ogre (D:7)
  2 scorpions
  A howler monkey (D:4)
  A crimson imp (D:5)
  A centaur skeleton (D:4)
  A hound (D:7)
  An orc priest (D:5)
  An iguana (D:5)
  3 orc wizards
  3 worker ants
  A howler monkey zombie (D:5)
  A gnoll (D:1)
  3 adders (D:3)
  An ooze (D:1)
  2 dart slugs
  A giant gecko (D:1)
  13 orcs
  2 ball pythons
  5 giant cockroaches
  7 goblins
  2 hobgoblins
  3 jackals
  2 quokkas
  A bat (D:3)
  A giant gecko skeleton (D:5)
  3 giant newts
  2 kobolds
  4 rats
72 creatures vanquished.

Notes
Turn   | Place    | Note
-------+----------+-------------------------------------------
     0 | D:1      | Leszczynek the High Elf Arcane Marksman began the quest for the Orb.
     0 | D:1      | Reached XP level 1. HP: 13/13 MP: 3/3
     7 | D:1      | Reached skill level 3 in Bows
     7 | D:1      | Reached XP level 2. HP: 18/18 MP: 2/4
    43 | D:1      | Reached skill level 4 in Bows
   118 | D:1      | Learned a level 2 spell: Slow
   292 | D:2      | Reached XP level 3. HP: 18/23 MP: 5/5
   304 | D:2      | Noticed Terence
   316 | D:2      | really
   316 | D:2      | he had haste just like that?
   474 | D:2      | Noticed Sigmund
   691 | D:2      | HP: 3/34 [something (6)]
   694 | D:2      | Killed Sigmund
   694 | D:2      | Reached skill level 7 in Bows
   694 | D:2      | Reached XP level 4. HP: 4/28 MP: 6/6
   694 | D:2      | Reached XP level 5. HP: 5/33 MP: 7/7
   695 | D:2      | lol wut
   877 | D:3      | Noticed an ogre
   922 | D:3      | oh, so he's blocked there?
   922 | D:3      | good
  1065 | D:3      | Reached skill level 8 in Bows
  1404 | D:5      | Entered Level 5 of the Dungeon
  1570 | D:5      | Reached XP level 6. HP: 25/38 MP: 8/8
  1918 | D:4      | Reached skill level 9 in Bows
  2206 | D:6      | Reached XP level 7. HP: 44/44 MP: 7/9
  2398 | D:6      | Reached skill level 10 in Bows
  2521 | D:7      | Reached skill level 3 in Dodging
  2603 | D:7      | Reached skill level 4 in Dodging
  2713 | D:7      | Found a staircase to the Ecumenical Temple.
  2720 | Temple   | Entered the Ecumenical Temple
  2750 | Temple   | Became a worshipper of Warmaster Okawaru
  2796 | D:7      | Noticed a hungry ghost
  2825 | D:7      | Killed a hungry ghost
  2825 | D:7      | Reached skill level 5 in Dodging
  2922 | D:7      | Reached skill level 6 in Dodging
  2922 | D:7      | Reached XP level 8. HP: 24/49 MP: 10/10
  3084 | D:7      | HP: 1/49 [centaur (6)]
  3085 | D:7      | Slain by a centaur

Vault maps used:
D:1:      lightli_iron_boxes, st_stairs_9, evilmike_ruin_ashenzari
D:2:      first_bread, uniq_sigmund, uniq_terence
D:3:      serial_bayou_pond_b, hangedman_abyss_or_decor_lesser_grid,
          minmay_joined_circles
D:5:      basic_altar, serial_shops, shop_fountains, minmay_misc_feat_plants
D:7:      lemuel_zombie_altar_yredelemnul
Temple:   nicolae_temple_elliptical

Skill      XL: |  1  2  3  4  5  6  7 |
---------------+----------------------+-----
Bows           | 3 4 7 8 9 10 | 10.1
Dodging        | 6 |  6.0
Fighting       | |  1.7
Spellcasting   | |  1.2
Hexes          | |  3.0

Action                   |  1- 3 |  4- 6 |  7- 9 || total
-------------------------+-------+-------+-------++-------
Melee: Short sword       |     7 |   107 |    73 ||   187
 Fire: Shortbow          |    49 |    73 |    64 ||   186
 Cast: Corona            |     6 |    12 |     5 ||    23
  Use: Scroll            |     2 |     3 |     2 ||     7
       Potion            |     1 |     1 |     2 ||     4
  Eat: Chunk             |       |     5 |     5 ||    10
       Beef jerky        |       |     1 |       ||     1
Armor: Robe              |     3 |       |       ||     3
       Ring mail         |     2 |    51 |    30 ||    83
Dodge: Dodged            |    24 |    49 |    58 ||   131
